 Dungeon Crawl Stone Soup version 0.24.1-11-gbbbb2193e6 (webtiles) character file.

Game seed: 9043337490936251056, levelgen mode: deterministic

419 Peloso the Shield-Bearer (level 6, -2/48 HPs)
             Began as a Demonspawn Fighter on May 12, 2020.
             Slain by a phantom (5 damage)
             ... on level 4 of the Dungeon.
             The game lasted 00:07:16 (3650 turns).

Peloso the Shield-Bearer (Demonspawn Fighter)       Turns: 3650, Time: 00:07:17

Health: -2/48      AC:  9    Str: 18    XL:     6   Next: 62%
Magic:  6/6        EV:  5    Int: 10    God:
Gold:   155        SH:  9    Dex: 12    Spells: 5/5 levels left

rFire    + . .     SeeInvis .   a - +0 long sword
rCold    + . .     Gourm    +   c - +0 shield
rNeg     . . .     Faith    .   h - +0 chain mail
rPois    +         Spirit   .   (no helmet)
rElec    .         Reflect  .   (no cloak)
rCorr    .         Harm     .   (no gloves)
MR       .....                  (no boots)
Stlth    ..........             e - amulet of the gourmand
HPRegen  0.16/turn              (no ring)
MPRegen  0.10/turn              (no ring)

@: no status effects
A: thin metallic scales 2, cold resistance 1, deformed body, fire resistance 1,
nightstalker 1, poison resistance, shaggy fur 1
a: no special abilities


You were on level 4 of the Dungeon.
You were very full.

You visited 1 branch of the dungeon, and saw 4 of its levels.

You collected 155 gold pieces.

Inventory:

Hand Weapons
 a - a +0 long sword (weapon)
Armour
 b - a +0 scale mail
 c - a +0 shield (worn)
 h - a +0 chain mail (worn)
Jewellery
 e - an amulet of the gourmand (around neck)
 m - an uncursed ring of protection from magic {unknown}
Wands
 r - a wand of random effects (8)
Scrolls
 g - 3 scrolls of remove curse
 i - 2 scrolls of random uselessness {unknown}
 j - a scroll of amnesia {unknown}
 p - 4 scrolls of identify
 s - 3 scrolls of teleportation {unknown}
Potions
 d - a potion of might
 k - a potion of resistance
 n - a potion of berserk rage
 q - a potion of heal wounds {unknown}
Comestibles
 f - 4 rations


   Skills:
 + Level 3.7 Fighting
 + Level 4.1 Long Blades
 + Level 3.7 Armour
 + Level 1.4 Dodging
 + Level 4.2 Shields


You had 5 spell levels left.
You didn't know any spells.
Your spell library was empty.

Dungeon Overview and Level Annotations

Branches:
Dungeon (4/15)
 Temple: D:4-7

Altars:
Fedhas
Xom


Innate Abilities, Weirdness & Mutations

You are mostly covered in thin metallic scales. (AC +3)
Your flesh is cold resistant. (rC+)
You are slightly more attuned to the shadows.
Armour fits poorly on your strangely shaped body.
Your flesh is heat resistant. (rF+)
Your system is resistant to poisons. (rPois)
You are covered in fur. (AC +1)


Message History

The phantom blinks!
The phantom enters a dispersal trap!
You blink.
The phantom blinks!
The phantom hits you.
* * * LOW HITPOINT WARNING * * *
Your chain mail prevents you from hitting the phantom.
The phantom is moderately damaged.
The phantom hits you.
* * * LOW HITPOINT WARNING * * *
The phantom blinks!
The phantom hits you but does no damage.
You hit the phantom.
The phantom is heavily damaged.
The phantom hits you but does no damage.
You closely miss the phantom.
The phantom is heavily damaged.
The phantom hits you but does no damage.
You hit the phantom but do no damage.
The phantom is heavily damaged.
The phantom hits you.
You die...

###.###########.##...#
................##...#
#######.######..##...
#.# #<.##.#########
#.# ##.............#
#.# ##.^......#####..
#.# ##.............
#.# #..........##.#
#.........@...#.....
##.....W.....## .
##..........#
##......##.# #......#
... #.....#.# .#
#..##.#... . #..
#.#..#. #.. ..#... .


You could see a phantom.

Vanquished Creatures
  A scorpion (D:4)
  A bullfrog skeleton (D:3)
  An orc priest (D:4)
  A hound (D:4)
  An orc wizard (D:4)
  2 worker ants (D:4)
  Robin (D:3)
  7 adders
  2 oozes
  2 worms
  4 dart slugs
  2 leopard geckos
  9 orcs
  6 giant cockroaches
  14 hobgoblins
  2 jackals (D:1)
  9 kobolds
  10 bats
  6 frilled lizards
  12 goblins
  A leopard gecko skeleton (D:4)
  9 rats
103 creatures vanquished.

Notes
Turn   | Place    | Note
-------+----------+-------------------------------------------
     0 | D:1      | Peloso the Demonspawn Fighter began the quest for the Orb.
     0 | D:1      | Reached XP level 1. HP: 18/18 MP: 1/1
   158 | D:1      | Gained mutation: You are partially covered in thin metallic
                  | scales. (AC +2) [demonic ancestry]
   158 | D:1      | Reached XP level 2. HP: 24/24 MP: 2/2
   414 | D:1      | Gained mutation: You are mostly covered in thin metallic
                  | scales. (AC +3) [demonic ancestry]
   414 | D:1      | Reached XP level 3. HP: 15/29 MP: 3/3
   645 | D:2      | Found a blossoming altar of Fedhas.
   812 | D:2      | Reached XP level 4. HP: 16/35 MP: 4/4
   831 | D:2      | Found a shimmering altar of Xom.
  1704 | D:3      | Noticed Robin
  2212 | D:3      | Killed Robin
  2212 | D:3      | Gained mutation: You are slightly more attuned to the
                  | shadows. [demonic ancestry]
  2212 | D:3      | Reached XP level 5. HP: 16/41 MP: 5/5
  2744 | D:3      | Reached skill level 1 in Dodging
  3060 | D:4      | Gained mutation: Your flesh is cold resistant. (rC+)
                  | [demonic ancestry]
  3060 | D:4      | Reached XP level 6. HP: 30/47 MP: 6/6
  3623 | D:4      | Gained mutation: Armour fits poorly on your strangely
                  | shaped body. [potion of mutation]
  3623 | D:4      | Gained mutation: Your system is resistant to poisons.
                  | (rPois) [potion of mutation]
  3623 | D:4      | Gained mutation: Your flesh is heat resistant. (rF+)
                  | [potion of mutation]
  3623 | D:4      | Gained mutation: You are covered in fur. (AC +1) [potion of
                  | mutation]
  3642 | D:4      | HP: 2/48 [phantom (5)]
  3650 | D:4      | Slain by a phantom

Levels and vault maps discovered:
D:1:      ncdulo_watergridlock, layout_basic, serial_bayou_pond_e,
          minmay_bisected
D:2:      layout_basic, xom_butterflies, fedhas_ov_isle_minmay, corexii_shack,
          small_statue_intersection
D:3:      layout_basic, uniq_robin
D:4:      layout_loops_ring, grunt_temple_overflow_open, kennysheep_mini

Skill      XL: |  1  2  3  4  5  6 |
---------------+-------------------+-----
Shields        | 3 4 |  4.2
Armour         | 3 |  3.7
Long Blades    | 2 3 4 |  4.1
Dodging        | 1 |  1.4
Fighting       | |  3.7

Action                   |  1- 3 |  4- 6 || total
-------------------------+-------+-------++-------
Melee: Long sword        |   135 |   310 ||   445
  Use: Potion            |     1 |     4 ||     5
       Scroll            |     1 |       ||     1
  Eat: Chunk             |     9 |    13 ||    22
Armor: Chain mail        |   111 |   229 ||   340
       Scale mail        |     8 |       ||     8
Dodge: Dodged            |    26 |    55 ||    81
Block: Shield            |    90 |   168 ||   258
       Rpst.: Long sword |    11 |    14 ||    25
